 Dungeon Crawl Stone Soup version 0.29.0-4-gdea44cf6ec (webtiles) character file.

Game seed: 4731215794899096501

303 qw the Chopper (level 6, -3/35 HPs)
             Began as a Tengu Warper on Aug 28, 2022.
             Succumbed to a water moccasin's poison
             ... on level 5 of the Dungeon.
             The game lasted 00:00:28 (4391 turns).

qw the Chopper (Tengu Warper)                       Turns: 4391, Time: 00:00:28

Health: -3/35      AC: 11    Str: 16    XL:     6   Next: 38%
Magic:  10/10      EV:  4    Int: 13    God:
Gold:   121        SH: 11    Dex: 13    Spells: 9/9 levels left

rFire   . . .      SeeInvis +   Y - +0 hand axe
rCold   . . .      Faith    .   d - +0 tower shield
rNeg    + + .      Spirit   .   f - +3 chain mail "Xul Kymu" {rN++ Will- Str+2 SInv}
rPois   .          Reflect  .   (helmet restricted)
rElec   .          Harm     .   (no cloak)
rCorr   .          Rampage  .   (no gloves)
Will    .....                   (boots unavailable)
Stlth   ..........              c - amulet of the acrobat
HPRegen 0.11/turn               (no ring)
MPRegen 0.12/turn               (no ring)

@: lethally poisoned (-3 -> -31), about to teleport, weak-willed, flying quickly
and evasively, quick
A: beak, talons 3, nimble flight
a: no special abilities


You were on level 5 of the Dungeon.
You visited 1 branch of the dungeon, and saw 5 of its levels.

You collected 121 gold pieces.


Innate Abilities, Weirdness & Mutations

You have a beak for a mouth.
You have claws for feet.
Your magical nature lets you fly swiftly and evasively.


   Skills:
 - Level 2.0 Fighting
 - Level 6.5 Axes
 - Level 1.0 Throwing
 - Level 2.0 Armour
 - Level 2.1 Dodging
 + Level 1.8 Shields
 - Level 2.0 Spellcasting
 - Level 2.4 Translocations


You had 9 spell levels left.
You didn't know any spells.
Your spell library contained the following spells:

 Spells                   Type           Power      Damage    Failure   Level
 Blink                    Tloc           14%        N/A       100%        2
 Gell's Gravitas          Tloc           7%         N/A       100%        3
 Lesser Beckoning         Tloc           7%         N/A       100%        3
 Teleport Other           Tloc           7%         N/A       100%        3
 Manifold Assault         Tloc           7%         N/A       100%        5

Inventory:

Hand Weapons
 i - a +0 whip
 Y - a +0 hand axe (weapon)
Armour
 d - a +0 tower shield (worn)
 f - the +3 chain mail "Xul Kymu" (worn) {rN++ Will- Str+2 SInv}
   (You found it on level 2 of the Dungeon)

   Str:       It affects your strength (+2).
   rN:        It greatly protects you from negative energy.
   SInv:      It lets you see invisible.
   Will:      It decreases your willpower.
Jewellery
 c - an amulet of the acrobat (around neck)
Scrolls
 g - a scroll of identify
Potions
 a - a potion of heal wounds {unknown}
 b - a potion of attraction {unknown}
 e - a potion of curing
 h - a potion of mutation {unknown}
 l - a potion of haste {unknown}

Dungeon Overview and Level Annotations

Branches:
Dungeon (5/15)
 Temple: D:4-7

Altars:
Hepliaklqana
Xom


Message History

You hit the water moccasin. You block the water moccasin's attack.
You block the orc's attack. You block the water moccasin's attack.
You closely miss the water moccasin.
The water moccasin is moderately wounded.
You closely miss the orc priest. You hit the orc.
You block the water moccasin's attack. The orc hits you but does no damage.
You block the orc priest's attack.
The water moccasin bites you but does no damage.
You hit the orc.
You kill the orc!
You hit the water moccasin.
You hit the orc priest but do no damage.
You block the water moccasin's attack.
The orc priest invokes the aid of Beogh against you.
You are unaffected.
The orc hits you with a +0 flail. You block the water moccasin's attack.
The orc priest hits you but does no damage.
You are electrocuted!
You hit the water moccasin but do no damage.
The water moccasin is moderately wounded.
You hit the orc priest. You barely miss the orc. The water moccasin bites you.
You are lethally poisoned!
The water moccasin poisons you!
The orc priest hits you but does no damage.
The orc hits you with a +0 flail. The water moccasin barely misses you.
You hit the water moccasin. Your kick misses the water moccasin.
You peck the water moccasin.
The water moccasin is heavily wounded.
You hit the orc priest. You hit the orc.
You feel very sick. You block the water moccasin's attack.
You block the orc priest's attack. You block the orc's attack.
The water moccasin bites you.
You are more poisoned.
The water moccasin poisons you!
4391 ||| READING scroll of teleportation.
As you read the scroll of teleportation, it crumbles to dust.
You feel strangely unstable.
You die...

## ### .. ...
#. #.# #. #.#
##.##.#
#.#..S#.###.#
#....o@<...#
###..o#.###.#
##.##.# #.
#.# .. ..#
##o ### #. ##


You could see a water moccasin, an orc priest and an orc.

Vanquished Creatures
  A jelly (D:4)
  Natasha (thrice) (D:3)
  An orc wizard (D:3)
  Robin (D:2)
  5 adders
  An ufetubus (D:4)
  A worm (D:4)
  4 dart slugs
  7 orcs
  7 ball pythons
  6 endoplasms
  5 giant cockroaches
  14 goblins
  4 hobgoblins
  6 jackals
  5 kobolds
  7 quokkas
  5 bats
  4 frilled lizards
  9 rats
96 creatures vanquished.

Vanquished Creatures (others)
  An adder (D:3)
  A hobgoblin (D:3)
  A kobold (D:3)
  A ball python (D:3)
  7 plants (D:1)
11 creatures vanquished.

Grand Total: 107 creatures vanquished

Notes
Turn   | Place    | Note
-------+----------+-------------------------------------------
     0 | D:1      | qw the Tengu Warper began the quest for the Orb.
     0 | D:1      | Reached XP level 1. HP: 12/12 MP: 4/4
     0 | D:1      | 0 ||| qw: Version: 0.1-a-89-g26bdef1
     0 | D:1      | 0 ||| qw: Game counter: 477
     0 | D:1      | 0 ||| qw: Always use a shield: true
     0 | D:1      | 0 ||| qw: God list: Okawaru
     0 | D:1      | 0 ||| qw: Allow faded altars: false
     0 | D:1      | 0 ||| qw: Do Orc after D:15 true
     0 | D:1      | 0 ||| qw: Do second Lair branch before Depths: true
     0 | D:1      | 0 ||| qw: Lair rune preference: random
     0 | D:1      | 0 ||| qw: Plans: Normal
     0 | D:1      | 0 ||| PLANNING D:1-11
    86 | D:1      | 86 ||| Stepping ~*~*~tactically~*~*~ (water).
   154 | D:1      | Reached skill level 3 in Axes
   154 | D:1      | Reached XP level 2. HP: 17/17 MP: 6/6
   156 | D:1      | 156 ||| Stepping ~*~*~tactically~*~*~ (stealth).
   158 | D:1      | 158 ||| Stepping ~*~*~tactically~*~*~ (stealth).
   159 | D:1      | 159 ||| Stepping ~*~*~tactically~*~*~ (stealth).
   161 | D:1      | 161 ||| Stepping ~*~*~tactically~*~*~ (stealth).
   163 | D:1      | 163 ||| Stepping ~*~*~tactically~*~*~ (stealth).
   418 | D:1      | 418 ||| Stepping ~*~*~tactically~*~*~ (stealth).
   419 | D:1      | 419 ||| Stepping ~*~*~tactically~*~*~ (stealth).
   423 | D:1      | 423 ||| Stepping ~*~*~tactically~*~*~ (stealth).
   425 | D:1      | 425 ||| Stepping ~*~*~tactically~*~*~ (stealth).
   426 | D:1      | 426 ||| Stepping ~*~*~tactically~*~*~ (stealth).
   427 | D:1      | 427 ||| Stepping ~*~*~tactically~*~*~ (stealth).
   460 | D:1      | 460 ||| Stepping ~*~*~tactically~*~*~ (stealth).
   653 | D:1      | 653 ||| Stepping ~*~*~tactically~*~*~ (stealth).
   660 | D:1      | Reached XP level 3. HP: 17/21 MP: 7/7
  1180 | D:1      | Reached skill level 4 in Axes
  1507 | D:1      | 1507 ||| Stepping ~*~*~tactically~*~*~ (stealth).
  1560 | D:1      | 1560 ||| READING scroll labelled WIOHIMPIXON.
  1561 | D:1      | 1561 ||| READING scroll labelled ZOIFEPRISO.
  1562 | D:1      | 1562 ||| READING scroll labelled FIHYTZ ZIF OGI.
  1567 | D:1      | 1567 ||| READING scroll labelled WAKKEF AF YSMI.
  1568 | D:1      | 1568 ||| DRINKING 2 fuming sapphire potions.
  1569 | D:1      | 1569 ||| DROPPING scroll of blinking.
  1570 | D:1      | 1570 ||| DROPPING potion of degeneration.
  1680 | D:2      | Noticed Robin
  1681 | D:2      | 1681 ||| Stepping ~*~*~tactically~*~*~ (hiding).
  1700 | D:2      | Killed Robin
  1701 | D:2      | Reached XP level 4. HP: 21/26 MP: 8/8
  1702 | D:2      | 1702 ||| FLEEEEING.
  1704 | D:2      | 1704 ||| FLEEEEING.
  1705 | D:2      | 1705 ||| FLEEEEING.
  1706 | D:2      | 1706 ||| FLEEEEING.
  1707 | D:2      | 1707 ||| FLEEEEING.
  1708 | D:2      | 1708 ||| FLEEEEING.
  1709 | D:2      | 1709 ||| FLEEEEING.
  1710 | D:2      | 1710 ||| FLEEEEING.
  1711 | D:2      | 1711 ||| FLEEEEING.
  1712 | D:2      | 1712 ||| FLEEEEING.
  1714 | D:2      | 1714 ||| FLEEEEING.
  1715 | D:2      | 1715 ||| FLEEEEING.
  1716 | D:2      | 1716 ||| FLEEEEING.
  1717 | D:2      | 1717 ||| FLEEEEING.
  1718 | D:2      | 1718 ||| FLEEEEING.
  1719 | D:2      | 1719 ||| FLEEEEING.
  1720 | D:2      | 1720 ||| FLEEEEING.
  1721 | D:2      | 1721 ||| FLEEEEING.
  1722 | D:2      | 1722 ||| FLEEEEING.
  1723 | D:2      | 1723 ||| FLEEEEING.
  1724 | D:2      | 1724 ||| FLEEEEING.
  1725 | D:2      | 1725 ||| FLEEEEING.
  1726 | D:2      | 1726 ||| FLEEEEING.
  1727 | D:2      | 1727 ||| FLEEEEING.
  1728 | D:2      | 1728 ||| STAIRDANCE
  1759 | D:1      | 1759 ||| UPGRADING to +0 scale mail.
  1769 | D:1      | 1769 ||| DROPPING +0 leather armour.
  1773 | D:2      | 1773 ||| STAIRDANCE
  1902 | D:2      | 1902 ||| Stepping ~*~*~tactically~*~*~ (stealth).
  1903 | D:2      | 1903 ||| Stepping ~*~*~tactically~*~*~ (stealth).
  1916 | D:2      | 1916 ||| Stepping ~*~*~tactically~*~*~ (stealth).
  1970 | D:2      | 1970 ||| Stepping ~*~*~tactically~*~*~ (stealth).
  1971 | D:2      | 1971 ||| Stepping ~*~*~tactically~*~*~ (stealth).
  1980 | D:2      | Reached skill level 5 in Axes
  2219 | D:2      | Identified the +3 chain mail "Xul Kymu" {rN++ Will- Str+2
                  | SInv}
  2338 | D:2      | Found a faded altar of an unknown god.
  2481 | D:2      | 2481 ||| Stepping ~*~*~tactically~*~*~ (stealth).
  2504 | D:2      | Found a hazy altar of Hepliaklqana.
  2543 | D:2      | 2543 ||| DROPPING +0 club.
  2700 | D:2      | 2700 ||| UPGRADING to +3 chain mail "Xul Kymu" {rN++ Will-
                  | Str+2 SInv}.
  2710 | D:2      | 2710 ||| DROPPING +0 scale mail.
  2711 | D:2      | 2711 ||| READING scroll labelled TOATIZEOGO.
  2712 | D:2      | 2712 ||| READING scroll labelled LAPTAC ROFULU.
  2713 | D:2      | 2713 ||| DRINKING 2 amethyst potions.
  2714 | D:2      | 2714 ||| DROPPING potion of brilliance.
  2790 | D:3      | Gained mutation: Your magical nature lets you fly swiftly
                  | and evasively. [Tengu growth]
  2790 | D:3      | Reached XP level 5. HP: 30/30 MP: 9/9
  2794 | D:3      | Noticed Natasha
  2802 | D:3      | Killed Natasha
  2962 | D:3      | Reached skill level 6 in Axes
  3064 | D:3      | Noticed Natasha
  3073 | D:3      | Killed Natasha
  3093 | D:3      | Noticed Natasha
  3105 | D:3      | Killed Natasha
  3106 | D:3      | Reached XP level 6. HP: 19/35 MP: 10/10
  3252 | D:3      | Found the dreamshard necklace {*Dream Drain}
  3312 | D:3      | Found a shimmering altar of Xom.
  3313 | D:3      | 3313 ||| Stepping ~*~*~tactically~*~*~ (stealth).
  3635 | D:3      | 3635 ||| UPGRADING to +0 tower shield.
  3640 | D:3      | 3640 ||| UPGRADING to amulet of the acrobat.
  3981 | D:4      | Reached skill level 1 in Shields
  4361 | D:4      | 4361 ||| READING scroll labelled MUJIRRUANU.
  4362 | D:4      | 4362 ||| DRINKING 2 smoky golden potions.
  4370 | D:5      | Entered Level 5 of the Dungeon
  4381 | D:5      | Noticed a water moccasin
  4382 | D:5      | 4382 ||| Stepping ~*~*~tactically~*~*~ (hiding).
  4390 | D:5      | HP: 6/35 [poisoned by a water moccasin]
  4391 | D:5      | 4391 ||| READING scroll of teleportation.
  4391 | D:5      | Succumbed to a water moccasin's poison

Levels and vault maps discovered:
D:1:      wander_arrival_lonely_grave, layout_basic, st_stairs_3,
          serial_bayou_lake_a
D:2:      layout_loops_ring, ebering_ecumenical_altar_petrified, basic_altar,
          uniq_robin
D:3:      layout_basic, xom_confusion_cloud, kennysheep_small_spiral,
          minmay_misc_feat_cross, uniq_natasha
D:4:      layout_basic, hangedman_decor_diamond_cutter, eino_tiny_chamber
D:5:      layout_loops_ring, grunt_temple_overflow_cloverleaf, uniq_menkaure

Skill      XL: |  1  2  3  4  5  6 |
---------------+-------------------+-----
Axes           | 3 4 5 6 |  6.5
Armour         | 2 |  2.0
Shields        | 1 |  1.8
Fighting       | |  2.0
Throwing       | |  1.0
Dodging        | |  2.1
Spellcasting   | |  2.0
Translocations | |  2.4

Action                   |  1- 3 |  4- 6 || total
-------------------------+-------+-------++-------
Melee: Hand axe          |    68 |   161 ||   229
       Kick              |    19 |    37 ||    56
       Peck              |    13 |    19 ||    32
Throw: Boomerang         |     7 |       ||     7
  Use: Scroll            |     4 |     4 ||     8
       Potion            |     1 |     2 ||     3
Armor: Leather armour    |     9 |       ||     9
       Scale mail        |       |    17 ||    17
       Chain mail        |       |    71 ||    71
Dodge: Dodged            |    34 |    44 ||    78
Block: Tower shield      |       |    37 ||    37

Table legend:
 A = Non-vault XP
 B = Vault XP
 C = Vault XP percentage of total XP
 D = Non-vault monster count
 E = Vault monster count
 F = Vault count percentage of total count
                 A         B        C        D         E       F
            +---------+---------+-------+---------+---------+-------
      Total |     354 |      80 |  18.4 |      76 |      19 |  20.0
            +---------+---------+-------+---------+---------+-------
        D:1 |      53 |       4 |   7.0 |      29 |       2 |   6.5
        D:2 |      66 |      30 |  31.2 |      12 |       9 |  42.9
        D:3 |     145 |      46 |  24.1 |      17 |       8 |  32.0
        D:4 |      81 |       0 |   0.0 |      15 |       0 |   0.0
        D:5 |       9 |       0 |   0.0 |       3 |       0 |   0.0
            +---------+---------+-------+---------+---------+-------
